 Dungeon Crawl Stone Soup version 0.19-a0-277-g85cb9a5 (webtiles) character file.

37 epen the Vexing (level 3, -4/14 HPs)
             Began as a Felid Enchanter on May 26, 2016.
             Slain by Robin
             ... wielding a +0 club
              (5 damage)
             ... on level 2 of the Dungeon.
             The game lasted 00:03:58 (2265 turns).

epen the Vexing (Felid Enchanter)                   Turns: 2265, Time: 00:03:59

Health: -4/14      AC:  1    Str:  4    XL:     3   Next: 21%
Magic:  0/7        EV: 18    Int: 16    God:
Gold:   38         SH:  0    Dex: 17    Spells: 2 memorised, 3 levels left
                                        Lives:  0   Deaths: 0

rFire  . . .     SeeInvis +       - Unarmed
rCold  . . .     Gourm    .     (armour unavailable)
rNeg   . . .     Faith    .     (shield unavailable)
rPois  .         Spirit   .     (helmet unavailable)
rElec  .         Dismiss  .     (cloak unavailable)
rCorr  .         Reflect  .     (gloves unavailable)
SustAt .         Harm     .     (boots unavailable)
MR     .....                    (no amulet)
Stlth  ++++......               (no ring)
                                (no ring)

@: very slightly contaminated, quick, not resistant to hostile enchantments,
stealthy
A: no armour, no weapons or thrown items, claws 1, fangs 3, see invisible,
carnivore 3, speed 1, shaggy fur 1, slow metabolism 1, sharp paws
a: no special abilities


You were on level 2 of the Dungeon.
You were full.

You visited 1 branch of the dungeon, and saw 3 of its levels.

You collected 38 gold pieces.

Inventory:

Scrolls
 c - 4 scrolls of remove curse {unknown}
 d - 2 scrolls of identify {unknown}
 h - a scroll of recharging {unknown}
 i - 3 scrolls of teleportation {unknown}
 j - a scroll of enchant weapon {unknown}
 m - a scroll of magic mapping {unknown}
Potions
 e - a potion of agility {unknown}
 f - a potion of lignification {unknown}
 g - a potion of berserk rage {unknown}
 k - a potion of curing {unknown}
 l - 2 potions of might {unknown}
Books
 a - a book of Maledictions

   Spells                             Type                      Level
   a - Corona                         Hexes                        1
   b - Ensorcelled Hibernation        Hexes/Ice                    2
   c - Confuse                        Hexes                        3
   d - Tukima's Dance                 Hexes                        3
   e - Dazzling Spray                 Conjuration/Hexes            3
Comestibles
 b - 6 meat rations


   Skills:
 + Level 0.0 Fighting
 + Level 3.0 Dodging
 * Level 4.6 Stealth
 + Level 1.5 Unarmed Combat
 + Level 2.1 Spellcasting
 * Level 5.1 Hexes


You had 3 spell levels left.
You knew the following spells:

 Your Spells              Type           Power        Failure   Level  Hunger
a - Corona                Hex            ###....      2%          1    #......
b - Ensorcelled Hibernat  Hex/Ice        ##....       12%         2    ###....


Dungeon Overview and Level Annotations

Branches:
Dungeon (3/15)

Altars:
Trog

Annotations:
D:2 Robin
D:3 Lugonue's ghost, amateur HEFE


Innate Abilities, Weirdness & Mutations

You cannot wear armour.
You are incapable of wielding weapons or throwing items.
You have sharp claws.
You have razor-sharp teeth.
You have supernaturally acute eyesight. (SInv)
You are carnivorous and can eat meat at any time.
You cover ground quickly.
You are covered in fur. (AC +1)
You have a slow metabolism.
Your sharp claws are effective at attacking unaware monsters.


Message History

You are very lightly contaminated with residual magic.
Your paws glow momentarily.
The goblin no longer looks unusually strong.
The hobgoblin no longer looks unusually strong.
Robin hits you with a club.
* * * LOW HITPOINT WARNING * * *
Robin's bangles clink loudly.
Robin closely misses you.
Robin roars a battlecry!
Robin hits you but does no damage. Robin hits you with a club.
* * * LOW HITPOINT WARNING * * *
Robin closely misses you.
Casting: Ensorcelled Hibernation
Confirm with . or Enter, or press ? or * to list all spells.
Aiming: Ensorcelled Hibernation
Press: ? - help, Shift-Dir - straight line, f/p - Robin
Aim: Robin, wielding a club, wearing an animal skin and wearing a helmet (fast, chance to defeat MR: 50%) Robin resists with some effort.
Robin hits you with a club.
You die...

#.#.........#.# #.#
#.#.....###.#.# #.#
#.#####.# #.#.# #.# #.#
#.# #.#.# #.# #.#####.#
#†#.# #.# #.#...#.#
#.#.# #.# #.#.#.#.#
#.#.# #.# ......#.#
#.#.#######.#
#.#.###.###.#.#.@g....#
..........#.#.#.#######
.#.####.#.#.#.#>#
.#........#(#.#.#
.######..[#.#.#.# .#
#...#.#.#.# .#
#.....#.#.# .#
#..####.#.# .#
#.......#.#


You could see Robin.

Vanquished Creatures
  An ooze (D:2)
  3 worms (D:2)
  A dart slug (D:1)
  A giant cockroach (D:1)
  A goblin (D:2)
  4 hobgoblins
  2 bats
  A giant newt (D:1)
  5 kobolds (D:1)
  5 rats
24 creatures vanquished.

Notes
Turn   | Place    | Note
--------------------------------------------------------------
     0 | D:1      | epen the Felid Enchanter began the quest for the Orb.
     0 | D:1      | Reached XP level 1. HP: 7/7 MP: 4/4
   245 | D:1      | Reached XP level 2. HP: 11/11 MP: 6/6
   847 | D:2      | Noticed a moth of wrath
   850 | D:2      | Found a bloodstained altar of Trog.
  1042 | D:2      | Noticed Robin
  1167 | D:3      | Noticed Lugonue's ghost (amateur HEFE)
  1355 | D:2      | Learned a level 2 spell: Ensorcelled Hibernation
  1719 | D:2      | Reached XP level 3. HP: 14/14 MP: 2/7
  1823 | D:2      | Reached skill level 5 in Hexes
  2265 | D:2      | Slain by Robin

Vault maps used:
D:1:      sevenhm_arrival_forest_fort_large_4
D:2:      tgw_trog, gammafunk_pakellas_spire_experiment, uniq_robin
D:3:      uniq_iyjb, uniq_grinder

Skill      XL: |  1  2  3 |
---------------+----------+-----
Dodging        | 3 |  3.0
Hexes          | 5 |  5.1
Stealth        | |  4.6
Unarmed Combat | |  1.5
Spellcasting   | |  2.1

Action                   || total
-------------------------++-------
Melee: Unarmed           ||    67
       Bite              ||     3
 Cast: Ensorcelled Hiber ||     9
       Corona            ||     1
 Stab: Sleeping          ||    17
  Eat: Chunk             ||     6
Armor: Skin              ||     5
Dodge: Dodged            ||    55
